 Dungeon Crawl Stone Soup version 0.26-a0-639-g72c4674329 (webtiles) character file.

Game seed: 7394815316924885315

240 Apogee the Skirmisher (level 5, 0/52 HPs)
             Began as a Minotaur Chaos Knight on Sept 25, 2020.
             Was a Plaything of Xom.
             Slain by a phantom (4 damage)
             ... on level 4 of the Dungeon.
             The game lasted 00:03:49 (2732 turns).

Apogee the Skirmisher (Minotaur Chaos Knight)       Turns: 2732, Time: 00:03:50

Health: 0/52       AC:  7    Str: 20    XL:     5   Next: 80%
Magic:  4/4        EV: 11    Int:  9    God:    Xom [....*.]
Gold:   216        SH:  4    Dex:  9    Spells: 4/4 levels left

rFire    . . .     SeeInvis .   a - +0 hand axe (chaos)
rCold    . . .     Faith    .   (no shield)
rNeg     . . .     Spirit   .   b - +2 leather armour
rPois    .         Reflect  .   (helmet restricted)
rElec    .         Harm     .   (no cloak)
rCorr    .         Rampage  .   (no gloves)
MR       .....     Clarity  +   (no boots)
Stlth    ++........             (no amulet)
HPRegen  0.17/turn              e - ring of stealth
MPRegen  0.09/turn              (no ring)

@: no status effects
A: retaliatory headbutt, horns 2, large bone plates 1, molten scales 1, clarity,
mutation resistance 1, robust 1, strong 1, sturdy frame 1
a: Renounce Religion


You were on level 4 of the Dungeon.
You worshipped Xom.
You were a beloved toy of Xom.
You visited 1 branch of the dungeon, and saw 4 of its levels.

You collected 216 gold pieces.

Inventory:

Hand Weapons
 a - a +0 hand axe of chaos (weapon)
Armour
 b - a +2 leather armour (worn)
 q - a +0 kite shield
   (You found it on level 3 of the Dungeon)
Jewellery
 e - a ring of stealth (left hand)
   (You found it on level 1 of the Dungeon)
Wands
 c - a wand of disintegration (18)
   (You found it on level 2 of the Dungeon)
Scrolls
 d - a scroll of enchant weapon {unknown}
 g - 4 scrolls of random uselessness {unknown}
 i - a scroll of identify {unknown}
 j - 2 scrolls of immolation {unknown}
 k - 2 scrolls of enchant armour {unknown}
 l - a scroll of noise {unknown}
 m - 4 scrolls of remove curse {unknown}
 n - 3 scrolls of teleportation {unknown}
Potions
 f - a potion of stabbing {unknown}
 h - a potion of ambrosia {unknown}
 o - a potion of heal wounds {unknown}
 p - a potion of flight {unknown}


   Skills:
 + Level 5.4 Fighting
 + Level 5.3 Axes
 + Level 4.6 Armour
 - Level 1.1 Dodging
 + Level 0.9 Shields


You had 4 spell levels left.
You didn't know any spells.
Your spell library was empty.

Dungeon Overview and Level Annotations

Branches:
Dungeon (4/15)             Temple (0/1) D:4

Altars:
Dithmenos
Makhleb
Vehumet
Yredelemnul

Annotations:
D:3 2 transporters, PanSaczeczos's ghost, amateur MfFE
D:4 Sigmund


Innate Abilities, Weirdness & Mutations

You reflexively headbutt those who attack you in melee.
You have a pair of horns on your head.
You are partially covered in large bone plates. (SH +4)
You are partially covered in molten scales. (AC +2)
You possess an exceptional clarity of mind.
You are somewhat resistant to further mutation.
You are robust. (+10% HP)
Your muscles are strong. (Str +2)
Your movements are slightly less encumbered by armour. (ER -2)


Message History

You miss the adder. You hit the phantom.
The phantom blinks!
The adder misses you.
The phantom blinks!
The adder bites you.
You barely miss the adder. The adder bites you.
You barely miss the adder.
The phantom blinks!
The adder barely misses you. The phantom hits you! The adder misses you.
You hit the adder.
You kill the adder!
You hit the phantom.
The phantom suddenly seems more agile.
You block the phantom's attack. The phantom hits you.
The phantom blinks!
You barely miss the phantom.
The phantom hits you but does no damage.
The phantom hits you.
* * * LOW HITPOINT WARNING * * *
You hit the phantom but do no damage.
The phantom seems to grow stronger.
You headbutt the phantom. The phantom hits you.
* * * LOW HITPOINT WARNING * * *
The phantom blinks!
Unknown command.
Unknown command.
The phantom is engulfed in seething chaos.
You closely miss the phantom.
The phantom is engulfed in seething chaos.
The phantom hits you.
* * * LOW HITPOINT WARNING * * *
You miss the phantom.
The phantom is engulfed in seething chaos.
The phantom blinks!
The phantom is engulfed in seething chaos.
The phantom barely misses you.
The phantom is engulfed in seething chaos.
The phantom seems to slow down.
The phantom closely misses you. You furiously retaliate!
You headbutt the phantom, but do no damage.
Unknown command.
You barely miss the phantom. The phantom hits you!
* * * LOW HITPOINT WARNING * * *
The phantom blinks!
You hit the phantom.
The phantom suddenly stops moving!
The helpless phantom fails to defend itself.
You hit the phantom.
The phantom convulses.
The phantom is engulfed in seething chaos.
Unknown command.
The helpless phantom fails to defend itself.
You hit the phantom.
The phantom is no longer paralysed.
The phantom is engulfed in seething chaos.
The phantom seems to slow down.
You completely miss the phantom.
The phantom is engulfed in seething chaos.
The phantom hits you.
You die...

#.# ###'###
#.##.#####.....# #.#
###.###
#..#..........##
#.## #.#
#.##.######.### #..#
#.# #....## #.#
##.######
#.#####.....# #.#
#.##...#
#.....#.###.# #.#
#.##.#.# ####'##.#
#.# #.#
#.##.#.#####$..#.#
#.# #.#
###.##.#.....#.W@#.#
#.# #.#
.......#######._.#.#
#.#####.# ##.#.###
#####. #.......#
#.###.. #########
##.#.######.
†...........
############


You could see a phantom (fast, strong, agile, slow).

Vanquished Creatures
  An ogre (D:3)
  A worker ant (D:4)
  6 adders
  2 worms
  5 dart slugs
  A leopard gecko (D:1)
  A giant cockroach (D:1)
  9 goblins
  8 hobgoblins
  6 jackals
  A quokka (D:3)
  A ball python (D:2)
  6 bats
  6 frilled lizards
  5 kobolds
  A quokka skeleton (D:2)
  7 rats
67 creatures vanquished.

Notes
Turn   | Place    | Note
-------+----------+-------------------------------------------
     0 | D:1      | Apogee the Minotaur Chaos Knight began the quest for the
                  | Orb.
     0 | D:1      | Reached XP level 1. HP: 19/19 MP: 0/0
    54 | D:1      | Reached XP level 2. HP: 27/27 MP: 1/1
   150 | D:1      | XOM: potion effect (berserk rage)
   471 | D:1      | Reached XP level 3. HP: 33/33 MP: 2/2
   564 | D:1      | XOM: silly message
   580 | D:1      | XOM: silly message
   664 | D:1      | XOM: give mutations
   664 | D:1      | Gained mutation: Your muscles are strong. (Str +2) [Xom's
                  | grace]
   664 | D:1      | Gained mutation: You possess an exceptional clarity of
                  | mind. [Xom's grace]
  1112 | D:2      | Found a burning altar of Makhleb.
  1114 | D:2      | Found a basalt altar of Yredelemnul.
  1335 | D:2      | Found a radiant altar of Vehumet.
  1702 | D:3      | XOM: divination: magic mapping
  1703 | D:3      | XOM: divination: detect creatures
  1716 | D:3      | Reached XP level 4. HP: 38/41 MP: 3/3
  1812 | D:3      | XOM: give mutations
  1812 | D:3      | Gained mutation: You are partially covered in molten
                  | scales. (AC +2) [Xom's grace]
  1812 | D:3      | Gained mutation: You are somewhat resistant to further
                  | mutation. [Xom's grace]
  1812 | D:3      | Gained mutation: Your movements are slightly less
                  | encumbered by armour. (ER -2) [Xom's grace]
  1812 | D:3      | Gained mutation: You are partially covered in large bone
                  | plates. (SH +4) [Xom's grace]
  1819 | D:3      | XOM: 3-stop teleportation journey
  1869 | D:3      | Found a transporter.
  1869 | D:3      | Found a transporter.
  1869 | D:3      | Noticed PanSaczeczos's ghost (amateur MfFE)
  1870 | D:3      | Noticed an ogre
  1872 | D:3      | Identified the +9 great mace of Hoseid {elec, *Slow +Inv
                  | Str+3 Dex+8}
  1872 | D:3      | Noticed an ogre
  1942 | D:3      | XOM: give mutations
  1942 | D:3      | Lost mutation: You are somewhat resistant to further
                  | mutation. [Xom's grace]
  1942 | D:3      | Gained mutation: You evolve. [Xom's grace]
  1942 | D:3      | Lost mutation: You evolve. [Xom's grace]
  1942 | D:3      | Gained mutation: You are somewhat resistant to further
                  | mutation. [Xom's grace]
  1942 | D:3      | Gained mutation: You are robust. (+10% HP) [Xom's grace]
  2038 | D:3      | Noticed an ogre
  2044 | D:3      | XOM: butterfly on damage
  2046 | D:3      | Killed an ogre
  2046 | D:3      | Reached skill level 5 in Fighting
  2046 | D:3      | Reached skill level 5 in Axes
  2046 | D:3      | Reached XP level 5. HP: 39/52 MP: 4/4
  2361 | D:3      | XOM: scenery: summon butterflies
  2454 | D:4      | Found a staircase to the Ecumenical Temple.
  2475 | D:4      | XOM: 4-stop teleportation journey
  2635 | D:4      | XOM: cloud trail
  2699 | D:4      | Noticed Sigmund
  2709 | D:4      | Found a shadowy altar of Dithmenos.
  2709 | D:4      | Noticed a phantom
  2732 | D:4      | Slain by a phantom

Illustrated notes

Levels and vault maps discovered:
D:1:      saegor_arrival_simple_c, layout_loops_ring
D:2:      layout_loops_ring, old_standard_altar,
          chequers_temple_overflow_statue_of_worship, kennysheep_path_1,
          kennysheep_generic_room_11
D:3:      layout_basic, gammafunk_ghost_smash
D:4:      layout_loops_ring, nemelex_xobeh_ov_fountains_minmay,
          grunt_dithmenos_shadows, temple_doors_e, led_xom_imps, uniq_sigmund

Skill      XL: |  1  2  3  4 |
---------------+-------------+-----
Fighting       | 4 5 |  5.4
Axes           | 4 5 |  5.3
Armour         | 3 4 |  4.6
Dodging        | |  1.1
Shields        | |  0.9

Action                   |  1- 3 |  4- 6 || total
-------------------------+-------+-------++-------
Melee: Hand axe          |    91 |    67 ||   158
       Headbutt          |    10 |     9 ||    19
 Stab: Sleeping          |     3 |     3 ||     6
       Paralysed         |       |     2 ||     2
Armor: Leather armour    |    28 |    17 ||    45
Dodge: Dodged            |    56 |    44 ||   100
Block: Other             |       |     8 ||     8

Table legend: (Time is in decaauts)
 A = Elapsed time spent in this place.
 B = Non-inter-level travel time spent in this place.
 C = Inter-level travel time spent in this place.
 D = Time resting spent in this place.
 E = Time spent auto-exploring this place.
 F = Levels seen in this place.
 G = Mean time per level.
                   A        B        C        D        E       F      G
               +--------+--------+--------+--------+--------+-----+--------+
         Total |   2752 |   2619 |    133 |      2 |   2172 |   4 |  688.0 |
       Dungeon |   2752 |   2619 |    133 |      2 |   2172 |   4 |  688.0 |
               +--------+--------+--------+--------+--------+-----+--------+

Top non-repeatable levels by time:
     D:1: 935 daAuts
     D:2: 779 daAuts
     D:3: 729 daAuts
     D:4: 307 daAuts
